 Dungeon Crawl Stone Soup version 0.29.1-1-gd02db6906a (webtiles) character file.

Game seed: 14509113699499005547

158 avis the Chopper (level 5, -2/48 HPs)
             Began as a Hill Orc Monk on Sept 28, 2022.
             Slain by a gnoll bouda
             ... wielding a +0 whip
              (7 damage)
             ... on level 2 of the Dungeon.
             The game lasted 00:12:53 (4129 turns).

avis the Chopper (Hill Orc Monk)                    Turns: 4129, Time: 00:12:54

Health: -2/48      AC: 11    Str: 14    XL:     5   Next: 40%
Magic:  5/5        EV:  6    Int: 10    God:
Gold:   164        SH:  0    Dex: 13    Spells: 4/4 levels left

rFire   . . .      SeeInvis .   a - +0 hand axe
rCold   . . .      Faith    .   (no shield)
rNeg    . . .      Spirit   .   t - +0 chain mail
rPois   .          Reflect  .   (no helmet)
rElec   .          Harm     .   (no cloak)
rCorr   .          Rampage  .   (no gloves)
Will    .....                   h - +2 pair of boots
Stlth   ..........              (no amulet)
HPRegen 0.16/turn               (no ring)
MPRegen 0.09/turn               (no ring)

@: weakened
A: weak 1, devolution 1
a: no special abilities


You were on level 2 of the Dungeon.
You visited 1 branch of the dungeon, and saw 3 of its levels.

You collected 164 gold pieces.

Inventory:

Hand Weapons
 a - a +0 hand axe (weapon)
 b - a +0 sling
 o - a +1 vampiric short sword
 p - a +2 dagger of venom
Armour
 h - a +2 pair of boots (worn)
 q - a +0 robe
 r - a +0 ring mail
 s - a +1 robe of willpower
 t - a +0 chain mail (worn)
Jewellery
 n - a +4 ring of evasion
Scrolls
 e - a scroll of summoning {unknown}
 f - 4 scrolls of identify {unknown}
 g - a scroll of poison {unknown}
 k - 4 scrolls of teleportation {unknown}
 m - a scroll of enchant weapon {unknown}
Potions
 i - a potion of lignification {unknown}
 j - a potion of curing {unknown}
 l - a potion of might {unknown}


   Skills:
 + Level 5.0 Fighting
 * Level 6.8 Axes
 - Level 2.4 Dodging
 - Level 1.5 Stealth


You had 4 spell levels left.
You didn't know any spells.
Your spell library contained the following spells:

 Spells                   Type           Power      Damage    Failure   Level
 Slow                     Hex            0%         N/A       100%        1
 Confusing Touch          Hex            0%         N/A       100%        3
 Vampiric Draining        Necr           0%         2d6       100%        3


Dungeon Overview and Level Annotations

Branches:
Dungeon (3/15)

Altars:


Innate Abilities, Weirdness & Mutations

You are weak. (Str -2)
You have hidden genetic defects.


Message History

You hit the gnoll bouda but do no damage.
The gnoll bouda is moderately wounded.
The gnoll bouda hits you with a +0 whip.
You hit the gnoll bouda.
The gnoll bouda is heavily wounded.
The gnoll bouda barely misses you.
You hit the gnoll bouda.
The gnoll bouda is heavily wounded.
The gnoll bouda barely misses you.
You hit the gnoll bouda but do no damage.
The gnoll bouda is heavily wounded.
The gnoll bouda hits you but does no damage.
You hit the gnoll bouda.
The gnoll bouda is severely wounded.
The gnoll bouda barely misses you.
You hit the gnoll bouda but do no damage.
The gnoll bouda is severely wounded.
Your attacks no longer feel as feeble.
The gnoll bouda prays to its god.
The gnoll bouda is healed somewhat.
You hit the gnoll bouda.
The gnoll bouda is heavily wounded.
The gnoll bouda gazes fiercely through you!
You feel your attacks grow feeble.
The gnoll bouda hits you with a +0 whip.
You barely miss the gnoll bouda.
The gnoll bouda is heavily wounded.
The gnoll bouda hits you with a +0 whip!
* * * LOW HITPOINT WARNING * * *
You hit the gnoll bouda but do no damage.
The gnoll bouda is heavily wounded.
The gnoll bouda gazes fiercely through you!
You feel as though you will be weak longer.
The gnoll bouda hits you with a +0 whip.
* * * LOW HITPOINT WARNING * * *
It was a potion of mutation.
You feel extremely strange.
You feel weaker.
You feel a hidden malignance growing inside you.
The gnoll bouda hits you with a +0 whip!
You die...

#..##...........................
##..##.....######................
....###..#.# #######..#####....
##.........# #.# #...## #....
#######.#######.###.### #....
#.........#...# #....
#....####.#.### #....
#########.#.## #.#.# #....
..........#..# #@..# #####
.###########.###g.## .# #...[>##
.# ####### .# .# .# .# .#


You could see a gnoll bouda.

Vanquished Creatures
  8 gnolls
  3 adders
  2 dart slugs (D:1)
  3 endoplasms (D:1)
  8 goblins
  2 hobgoblins (D:3)
  3 jackals (D:1)
  7 kobolds
  A quokka (D:1)
  3 ball pythons
  6 bats
  A frilled lizard (D:2)
  8 rats
55 creatures vanquished.

Vanquished Creatures (others)
  16 plants (D:3)
  4 toadstools (D:1)
20 creatures vanquished.

Grand Total: 75 creatures vanquished

Notes
Turn   | Place    | Note
-------+----------+-------------------------------------------
     0 | D:1      | avis the Hill Orc Monk began the quest for the Orb.
     0 | D:1      | Reached XP level 1. HP: 19/19 MP: 1/1
   299 | D:1      | Reached XP level 2. HP: 17/27 MP: 2/2
   706 | D:1      | Reached skill level 5 in Axes
   859 | D:1      | Reached XP level 3. HP: 24/33 MP: 3/3
   952 | D:1      | Found a faded altar of an unknown god.
  2052 | D:2      | Reached XP level 4. HP: 23/41 MP: 4/4
  2791 | D:2      | Reached skill level 6 in Axes
  3382 | D:2      | Reached XP level 5. HP: 24/47 MP: 5/5
  4082 | D:2      | Reached skill level 5 in Fighting
  4129 | D:2      | Gained mutation: You are weak. (Str -2) [potion of
                  | mutation]
  4129 | D:2      | Gained mutation: You have hidden genetic defects. [potion
                  | of mutation]
  4129 | D:2      | Slain by a gnoll bouda

Illustrated notes

Levels and vault maps discovered:
D:1:      ldierk_walled_garden_2, layout_basic, chequers_ecumenical_altar_simple
D:2:      layout_basic
D:3:      layout_loops_cross, nicolae_grassy_gnolls

Skill      XL: |  1  2  3  4  5 |
---------------+----------------+-----
Fighting       | 4 5 |  5.0
Axes           | 5 6 |  6.8
Dodging        | |  2.4
Stealth        | |  1.5

Action                   |  1- 3 |  4- 6 || total
-------------------------+-------+-------++-------
Melee: Hand axe          |   117 |   135 ||   252
       Punch             |     1 |     2 ||     3
 Fire: Sling             |       |     4 ||     4
  Use: Potion            |       |     2 ||     2
 Stab: Sleeping          |     6 |       ||     6
Armor: Robe              |    42 |    14 ||    56
       Chain mail        |       |    20 ||    20
Dodge: Dodged            |    66 |    78 ||   144
